 Dungeon Crawl Stone Soup version 0.29.1-15-g9cfb28693d (webtiles) character file.

Game seed: 14282202276989283533

5216 booth the Trooper (level 10, -1/77 HPs)
             Began as a Demonspawn Gladiator on Apr 13, 2023.
             Was a Priest of Okawaru.
             Slain by a wolf (9 damage)
             ... led by Grum
             ... on level 10 of the Dungeon on Apr 15, 2023.
             The game lasted 01:08:07 (10913 turns).

booth the Trooper (Demonspawn Gladiator)           Turns: 10913, Time: 01:08:07

Health: -1/77      AC: 16    Str: 16    XL:     10   Next: 35%
Magic:  0/3        EV: 17    Int: 14    God:    Okawaru [***...]
Gold:   520        SH:  0    Dex: 18    Spells: 9/9 levels left

rFire   + . .      SeeInvis .   K - +6 whip of Osyenn {antimagic, Fly rElec Will+ Int-3}
rCold   . . .      Faith    .   (no shield)
rNeg    . . .      Spirit   .   s - +1 ring mail of Protective Custody {-Tele rF+ Will+}
rPois   .          Reflect  .   c - +0 helmet
rElec   +          Harm     .   x - +0 cloak
rCorr   +          Rampage  .   Q - +0 pair of gloves
Will    ++...      NoTele   +   o - +0 pair of boots
Stlth   ++........              l - amulet of Hucsura {Regen+ Int+4 Dex+4}
HPRegen 1.02/turn               q - ring of resist corrosion
MPRegen 0.08/turn               (no ring)

@: heroic, flying
A: hooves 2, thin metallic scales 1, (demonic guardian 1), icemail 1,
condensation shield, MP-powered wands
a: Renounce Religion, Heroism


You were on level 10 of the Dungeon.
You worshipped Okawaru.
Okawaru was most pleased with you.
You visited 1 branch of the dungeon, and saw 10 of its levels.
You also visited: Ossuary.

You collected 520 gold pieces.

Inventory:

Hand Weapons
 a - a +0 war axe
 k - a +0 mace
 K - the +6 whip of Osyenn (weapon) {antimagic, Fly rElec Will+ Int-3}
   (You found it on level 6 of the Dungeon)

   It reduces the magical energy of the wielder, and disrupts the spells and
   magical abilities of those it strikes.
   Natural abilities and divine invocations are not affected.
   Int:       It affects your intelligence (-3).
   rElec:     It insulates you from electricity.
   Fly:       It grants you flight.
   Will:      It increases your willpower.
Missiles
 d - 2 throwing nets (quivered)
 y - 4 poisoned darts
 F - 2 boomerangs of dispersal
 J - a javelin
 R - an atropa-tipped dart
Armour
 b - a +0 leather armour
 c - a +0 helmet (worn)
 o - a +0 pair of boots (worn)
 s - the +1 ring mail of Protective Custody (worn) {-Tele rF+ Will+}
   (You found it on level 3 of the Dungeon)

   rF:        It protects you from fire.
   -Tele:     It prevents most forms of teleportation.
   Will:      It increases your willpower.
 x - a +0 cloak (worn)
 I - a +2 ring mail of willpower
 P - +0 steam dragon scales
 Q - a +0 pair of gloves (worn)
Jewellery
 l - the amulet of Hucsura (around neck) {Regen+ Int+4 Dex+4}
   (You acquired it on level 4 of the Dungeon)

   [amulet of regeneration]

   Int:       It affects your intelligence (+4).
   Dex:       It affects your dexterity (+4).
   Regen:     It increases your rate of health regeneration.
 q - a ring of resist corrosion (left hand)
 t - a ring of fire
 C - an amulet of magic regeneration
 S - an amulet of the acrobat
Wands
 H - a wand of flame (25)
Scrolls
 f - 3 scrolls of fog
 j - 3 scrolls of teleportation
 n - a scroll of silence {unknown}
 p - 4 scrolls of fear
 z - a scroll of immolation {unknown}
 D - a scroll of blinking {unknown}
Potions
 g - 4 potions of brilliance
 h - 2 potions of lignification
 i - 8 potions of curing
 r - 2 potions of magic
 u - a potion of resistance
 v - 2 potions of haste
 w - 2 potions of cancellation
 A - 5 potions of might {unknown}
 B - 3 potions of degeneration {unknown}
 E - 2 potions of mutation
 G - a potion of flight
 M - a potion of attraction {unknown}
 N - a potion of berserk rage
 O - a potion of ambrosia


   Skills:
 + Level 6.9(11.9) Fighting
 - Level 6.2(11.8) Axes
 + Level 4.3(10.9) Maces & Flails
 + Level 6.4(11.4) Throwing
 + Level 5.7(10.7) Armour
 + Level 6.7(11.7) Dodging


You had 9 spell levels left.
You didn't know any spells.
Your spell library contained the following spells:

 Spells                   Type           Power      Damage    Failure   Level
 Slow                     Hex            0%         N/A       43%         1
 Poisonous Vapours        Pois/Air       0%         N/A       56%         2
 Static Discharge         Conj/Air       0%         3-3/arc   56%         2
 Sublimation of Blood     Necr           0%         N/A       56%         2
 Confusing Touch          Hex            0%         N/A       80%         3
 Dazzling Flash           Conj/Hex       0%         N/A       80%         3
 Ozocubu's Armour         Ice            0%         N/A       80%         3
 Vampiric Draining        Necr           0%         2d6       80%         3
 Corpse Rot               Necr/Pois/Air  0%         N/A       99%         4
 Dispel Undead            Necr           0%         3d6       99%         4
 Iskenderun's Mystic Bla  Conj/Tloc      0%         2d3       99%         4
 Petrify                  Tmut/Erth      0%         N/A       99%         4
 Sticky Flame             Conj/Fire      0%         2d3       99%         4
 Irradiate                Conj/Tmut      0%         3d11      100%        5
 Starburst                Conj/Fire      0%         6d3       100%        6
 Ozocubu's Refrigeration  Ice            0%         4d7       100%        7


Dungeon Overview and Level Annotations

Branches:
Dungeon (9/15)             Temple (0/1) D:7            Lair (0/5) D:9
Ossuary (visited)
    Orc: D:9-12

Altars:
Okawaru

Annotations:
D:10 Grum


Innate Abilities, Weirdness & Mutations

You have hoof-like feet.
You are partially covered in thin metallic scales. (AC +2)
((A weak demonic guardian rushes to your aid.))
A meltable icy envelope protects you from harm. (AC +0)
A meltable shield of frost defends you. (SH +0)
You expend magic power (3 MP) to strengthen your wands.


Message History

The boomerang of dispersal hits the wolf!!
The wolf blinks!
The wolf bites you but does no damage. The wolf closely misses you.
Grum misses you.
You hit something. The wolf misses you. The wolf closely misses you.
You closely miss something.
You feel like a meek peon again.
Grum hits you from afar with a -2 spear.
* * * LOW HITPOINT WARNING * * *
Something hits you but does no damage. The wolf bites you!
* * * LOW HITPOINT WARNING * * *
The wolf barely misses you.
You hit the wolf.
The wolf is almost dead.
The wolf misses you.
Grum hits you from afar with a -2 spear!
* * * LOW HITPOINT WARNING * * *
Something hits you but does no damage. The wolf misses you.
You hit the wolf.
You kill the wolf!
Okawaru accepts your kill. Grum closely misses you.
Something hits you but does no damage. The wolf bites you but does no damage.
You hit the yak. You punch the yak.
The yak is lightly wounded.
You gain the combat prowess of a mighty hero.
You can no longer speed up your combat.
The wolf completely misses you. Grum misses you. Something barely misses you.
The yak closely misses you. The wolf completely misses you.
You barely miss the wolf.
The wolf is severely wounded.
Grum closely misses you.
You hear some strange, mumbled words.
A magic dart appears from out of thin air!
The magic dart hits you but does no damage.
The yak closely misses you.
You closely miss the wolf.
The wolf is almost dead.
Grum looks more healthy.
The wolf bites you!
You die...

....................#
....................#
....................#
############'#######
#.........+
#........o#
##+######9##
......g{Y# ......hh@#
......#### ......
...... ..... .....
....


You could see Grum, a yak, a gargoyle, 2 wolves and an orc.

Vanquished Creatures
  Joseph (D:8)
  A komodo dragon (D:10)
  A troll (D:10)
  Prince Ribbit (D:7)
  A wraith (Ossuary)
  2 yaks (D:10)
  2 steam dragons
  3 wargs (D:9)
  An acid dragon (D:5)
  3 ice beasts
  A sky beast (D:8)
  A black bear (D:6)
  2 wolves (D:10)
  3 ogres
  2 centaurs
  2 phantoms (D:5)
  A kobold brigand (D:6)
  A bullfrog (D:4)
  2 gnoll sergeants
  A scorpion (D:6)
  A necrophage (D:8)
  12 killer bees
  3 howler monkeys
  2 hounds
  2 human zombies (Ossuary)
  A jelly (D:6)
  Crazy Yiuf (D:3)
  4 orc priests
  2 iguanas
  7 orc wizards
  4 mummies
  12 gnolls
  7 adders
  A shadow imp (D:8)
  A white imp (D:3)
  An ufetubus (D:6)
  A worm (D:2)
  4 dart slugs
  15 orcs
  7 endoplasms
  2 giant cockroaches (D:2)
  7 goblins
  12 hobgoblins
  11 kobolds
  3 quokkas
  11 ball pythons
  5 bats
  3 frilled lizards
  3 goblin zombies
  3 hobgoblin zombies (Ossuary)
  6 kobold zombies
  2 rats (D:3)
188 creatures vanquished.

Vanquished Creatures (others)
  36 plants (D:7)
36 creatures vanquished.

Grand Total: 224 creatures vanquished

Notes
Turn   | Place    | Note
-------+----------+-------------------------------------------
     0 | D:1      | booth the Demonspawn Gladiator began the quest for the Orb.
     0 | D:1      | Reached XP level 1. HP: 16/16 MP: 1/1
   287 | D:1      | Gained mutation: A meltable shield of frost defends you.
                  | (SH +0) [demonic ancestry]
   287 | D:1      | Reached XP level 2. HP: 17/22 MP: 2/2
   998 | D:2      | Reached XP level 3. HP: 23/28 MP: 3/3
  1992 | D:2      | Gained mutation: You are partially covered in thin metallic
                  | scales. (AC +2) [demonic ancestry]
  1992 | D:2      | Reached XP level 4. HP: 22/34 MP: 4/4
  2667 | D:3      | Found a faded altar of an unknown god.
  2685 | D:3      | Prayed at the altar of an unknown god.
  2685 | D:3      | Became a worshipper of Warmaster Okawaru
  2685 | D:3      | Reached * piety under Okawaru
  2705 | D:3      | Identified the +1 ring mail of Protective Custody {-Tele
                  | rF+ Will+}
  2914 | D:3      | Found a runed translucent door.
  2915 | D:3      | Noticed Crazy Yiuf
  3168 | D:3      | Gained mutation: A meltable icy envelope protects you from
                  | harm. (AC +0) [demonic ancestry]
  3168 | D:3      | Reached XP level 5. HP: 40/40 MP: 5/5
  3330 | D:3      | Killed Crazy Yiuf
  4214 | D:4      | Reached skill level 1 in Armour
  4233 | D:4      | Gained mutation: You have large cloven feet. [demonic
                  | ancestry]
  4233 | D:4      | Reached XP level 6. HP: 20/47 MP: 6/6
  4242 | D:4      | HP: 2/47 [something (2)]
  5091 | D:4      | Identified a scroll of acquirement
  5095 | D:4      | Acquired the amulet of Hucsura {Regen+ Int+4 Dex+4}
  5116 | D:5      | Entered Level 5 of the Dungeon
  5154 | D:5      | Noticed an ice beast
  5170 | D:5      | Killed an ice beast
  5498 | D:5      | Noticed an acid dragon
  5507 | D:5      | Killed an acid dragon
  5508 | D:5      | Gained mutation: You have hoof-like feet. [demonic
                  | ancestry]
  5508 | D:5      | Reached XP level 7. HP: 41/53 MP: 4/7
  5575 | D:5      | Reached ** piety under Okawaru
  5576 | D:5      | Reached skill level 5 in Axes
  6064 | D:5      | Gained mutation: You expend magic power (3 MP) to
                  | strengthen your wands. [potion of mutation]
  6286 | D:6      | Reached XP level 8. HP: 61/61 MP: 8/8
  7027 | D:6      | Identified the +6 whip of Osyenn {antimagic, Fly rElec
                  | Will+ Int-3}
  7525 | D:7      | Noticed an angel
  7540 | D:7      | Reached skill level 5 in Dodging
  7613 | D:7      | Found a sand-covered staircase.
  7622 | Ossuary  | Entered an ossuary
  7681 | Ossuary  | Reached skill level 5 in Fighting
  7760 | Ossuary  | Reached skill level 1 in Maces & Flails
  7873 | Ossuary  | Reached *** piety under Okawaru
  8338 | D:7      | Gained mutation: A weak demonic guardian rushes to your
                  | aid. [demonic ancestry]
  8338 | D:7      | Reached XP level 9. HP: 27/68 MP: 0/9
  8427 | D:7      | Noticed Prince Ribbit
  8455 | D:7      | Killed Prince Ribbit
  8456 | D:7      | Reached skill level 5 in Throwing
  8528 | D:7      | Noticed a rust devil
  8616 | D:7      | Found a staircase to the Ecumenical Temple.
  9121 | D:8      | Noticed Joseph
  9225 | D:8      | Killed Joseph
  9225 | D:8      | Reached **** piety under Okawaru
  9724 | D:8      | Reached skill level 5 in Armour
 10100 | D:8      | Received a gift from Okawaru
 10417 | D:9      | Found a staircase to the Lair.
 10433 | D:9      | Reached XP level 10. HP: 67/77 MP: 1/10
 10490 | D:9      | You are sucked into a shaft and drop 1 floor!
 10490 | D:10     | Entered Level 10 of the Dungeon
 10802 | D:10     | Noticed a gargoyle
 10842 | D:10     | Received a gift from Okawaru
 10844 | D:10     | HP: 3/77 [gargoyle/+0 mace (17)]
 10882 | D:10     | Noticed Grum
 10913 | D:10     | Slain by a wolf

Illustrated notes

Levels and vault maps discovered:
D:1:      spicycebolla_arrival_xxxplode, layout_basic
D:2:      layout_basic, minmay_pentomino_v4
D:3:      layout_basic, hellmonk_ecumenical_altar_arch_garden,
          chequers_serial_rivers_small_b, nrook_uturn,
          kennysheep_generic_room_15, uniq_crazy_yiuf_cottage
D:4:      layout_cave_pods, kennysheep_potato
D:5:      layout_loops_ring
D:6:      layout_basic, nicolae_kite_square_tiling_tiny
D:7:      layout_loops_ring, temple_garden, nicolae_ossuary_entry_giza,
          nicolae_figureground_pulse, uniq_prince_ribbit1
D:8:      layout_gridville, uniq_joseph
D:9:      layout_loops_ring, mainiacjoe_overflow_swirl,
          erik_lair_orcish_takeover, zombieorc2_lemuel, glass_columns_a
D:10:     layout_grid_maze, ebering_ghost_funeral_grove, uniq_grum

Skill      XL: |  1  2  3  4  5  6  7  8  9 10 |
---------------+-------------------------------+-----
Throwing       | 2 3 4 5 6 |  6.4
Dodging        | 3 4 5 6 |  6.7
Axes           | 3 4 5 6 |  6.2
Fighting       | 3 4 5 6 |  6.9
Armour         | 1 2 3 5 |  5.7
Maces & Flails | 1 3 4 |  4.3

Action                   |  1- 3 |  4- 6 |  7- 9 | 10-12 || total
-------------------------+-------+-------+-------+-------++-------
Melee: War axe           |   139 |   182 |   109 |       ||   430
       Punch             |       |     2 |     6 |     4 ||    12
       Whip              |       |       |   375 |   110 ||   485
Throw: Dart              |     2 |       |     5 |     3 ||    10
       Throwing net      |     1 |     3 |     2 |       ||     6
       Javelin           |     1 |     1 |     2 |       ||     4
       Boomerang         |       |       |       |     1 ||     1
Invok: Heroism           |       |     4 |    14 |     7 ||    25
  Use: Scroll            |     3 |     6 |     4 |     3 ||    16
       Potion            |       |     6 |     3 |     4 ||    13
 Stab: Held in net/web   |       |     1 |       |       ||     1
       Distracted        |       |       |     1 |       ||     1
       Sleeping          |       |       |     1 |       ||     1
Armor: Leather armour    |    43 |    78 |    80 |       ||   201
       Ring mail         |       |       |    90 |    42 ||   132
Dodge: Dodged            |   102 |   115 |   324 |   111 ||   652
Block: Other             |    18 |    30 |    66 |    13 ||   127
